 Dungeon Crawl Stone Soup version 0.27-a0-1513-g2aaa0cc67b (webtiles) character file.

Game seed: 13074981383368452393

376 robertstho the Magician (level 7, -6/49 HPs)
             Began as a Djinni Fire Elementalist on July 9, 2021.
             Mangled by Duvessa (17 damage)
             ... on level 4 of the Dungeon.
             The game lasted 00:04:59 (4798 turns).

robertstho the Magician (Djinni Fire Elementalist)  Turns: 4798, Time: 00:05:00

Health: -6/49      AC:  4    Str:  7    XL:     7   Next: 3%
Gold:   141        EV: 12    Int: 18    God:
                   SH:  0    Dex: 14

rFire    + + .     SeeInvis .   m - +2 hand axe (freeze)
rCold    x . .     Faith    .   (no shield)
rNeg     . . .     Spirit   .   a - +0 robe
rPois    ∞         Reflect  .   f - +0 helmet
rElec    .         Harm     .   (no cloak)
rCorr    .         Rampage  .   e - +0 pair of gloves
Will     .....                  (boots unavailable)
Stlth    ++........             (no amulet)
HPRegen  0.16/turn              (no ring)
MPRegen  0.00/turn              (no ring)

@: weak-willed, flying, very slightly contaminated
A: sickness immunity, fire resistance 2, cold vulnerability 1, float, innate
caster, hp casting, extra vitality 1
a: no special abilities


You were on level 4 of the Dungeon.
You visited 1 branch of the dungeon, and saw 4 of its levels.

You collected 141 gold pieces.

Inventory:

Hand Weapons
 c - a +0 dagger
 m - a +2 hand axe of freezing (weapon)
Armour
 a - a +0 robe (worn)
 e - a +0 pair of gloves (worn)
 f - a +0 helmet (worn)
Scrolls
 b - a scroll of teleportation {unknown}
 d - a scroll of amnesia
 h - a scroll of enchant weapon {unknown}
 i - a scroll of brand weapon {unknown}
 j - a scroll of vulnerability
 o - a scroll of noise
Potions
 g - a potion of flight {unknown}
 k - a potion of lignification {unknown}
 l - a potion of haste {unknown}
 p - 2 potions of cancellation {unknown}


   Skills:
 * Level 2.2 Fighting
 + Level 2.3 Dodging
 + Level 2.0 Stealth
 * Level 5.1 Spellcasting


You couldn't memorise any spells.
You knew the following spells:

 Your Spells              Type           Power      Damage    Failure   Level
a - Foxfire               Conj/Fire      92%        2x1d8     1%          1
b - Conjure Flame         Conj/Fire      23%        6-21      4%          3
c - Inner Flame           Hex/Fire       23%        N/A       4%          3
d - Sticky Flame          Conj/Fire      23%        2d4       16%         4
e - Fireball              Conj/Fire      11%        3d7       41%         5
f - Magic Dart            Conj           92%        1d7       1%          1
g - Corpse Rot            Necr/Air       N/A        N/A       2%          2
h - Call Canine Familiar  Summ           23%        N/A       4%          3
Your spell library was empty.

Dungeon Overview and Level Annotations

Branches:
Dungeon (4/15)
 Temple: D:4-7

Altars:
Elyvilon
Fedhas
Hepliaklqana

Annotations:
D:2 1 runed translucent door, Crazy Yiuf
D:4 Duvessa


Innate Abilities, Weirdness & Mutations

You are immune to sickness and miasma.
You are immune to poison.
Your flesh is very heat resistant. (rF++)
You are vulnerable to cold. (rC-)
You float through the air rather than walking.
You learn spells naturally, not from books.
Your magical power is your life essence.
You have superior vitality. (+4 HP)


Message History

Duvessa screams in rage.
Duvessa goes berserk!
Your Stealth skill increases to level 2!
You have reached level 7!
The power to cast Call Canine Familiar wells up from within.
Spell assigned to 'h'.
Casting: Sticky Flame (quite dangerous; 16% risk of failure)
Confirm with . or Enter, or press ? or * to list all spells.
The spell is quite dangerous to cast (16% risk of failure)!
Continue anyway? [Y]es or [N]o only, please.
The spell is quite dangerous to cast (16% risk of failure)!
Continue anyway?
Okay, then.
Casting: Sticky Flame (quite dangerous; 16% risk of failure)
Confirm with . or Enter, or press ? or * to list all spells.
The spell is quite dangerous to cast (16% risk of failure)!
Continue anyway?
Aiming: Sticky Flame (quite dangerous; 16% risk of failure)
Press: ? - help, Shift-Dir - straight line, f - Duvessa
Aim: Duvessa, wielding a +0 short sword and wearing a +0 leather armour (berserk, 100% to hit)
You miscast Sticky Flame.
You are very lightly contaminated with residual magic.
The air around you crackles with energy!
Duvessa misses you. Duvessa barely misses you.
As you read the scroll labelled VOMUGYA SYTEFA, it crumbles to dust.
It is a scroll of amnesia.
You feel forgetful for a moment. Duvessa hits you with a +0 short sword!
Duvessa barely misses you.
As you read the scroll labelled HUGETWIEPA, it crumbles to dust.
Magic quickly surges around you.
It was a scroll of vulnerability.
Duvessa hits you but does no damage.
As you read the scroll labelled YZOYPT NIZERI, it crumbles to dust.
You hear a loud clanging noise!
It was a scroll of noise.
You hear an angry hiss.
Duvessa hits you with a +0 short sword. Duvessa hits you with a +0 short sword!
* * * LOW HITPOINT WARNING * * *
As you read the scroll labelled TUNLEO ZULIKHU, it crumbles to dust.
The scroll dissolves into smoke.
It was a scroll of fog.
Duvessa hits you with a +0 short sword!
You die...

### #.. ## #.# .# #.# .#
#.# .# #### #####§#######
.# #. ..# #§§@e§.).?... .#
#. #.# #§###§####### .# #.
#.####.###.####### .#
#.####.................
(###....†........##.#####.
.#....<########..# ..#
.#.##..###### #.......#
##.##>......# #....†..#
.##.)####.# #.......#


You could see Duvessa (berserk, weak-willed).

Vanquished Creatures
  Dowan (D:4)
  A howler monkey (D:4)
  An orc priest (D:3)
  A hound (D:4)
  Jessica (D:3)
  An iguana (D:4)
  2 orc wizards (D:3)
  Robin (D:2)
  5 adders
  A worm (D:2)
  2 dart slugs
  3 orcs (D:3)
  2 bats
  2 endoplasms (D:1)
  2 giant cockroaches
  16 goblins
  5 hobgoblins
  3 jackals (D:2)
  2 quokkas
  3 ball pythons
  2 frilled lizards (D:2)
  11 kobolds
  3 rats
71 creatures vanquished.

Vanquished Creatures (others)
  349 foxfires
349 creatures vanquished.

Grand Total: 420 creatures vanquished

Notes
Turn   | Place    | Note
-------+----------+-------------------------------------------
     0 | D:1      | robertstho the Djinni Fire Elementalist began the quest for
                  | the Orb.
     0 | D:1      | Reached XP level 1. HP: 15/15 MP: 0/0
   260 | D:1      | Reached XP level 2. HP: 18/21 MP: 0/0
   755 | D:1      | Reached skill level 3 in Spellcasting
   978 | D:1      | Reached XP level 3. HP: 17/25 MP: 0/0
   978 | D:1      | Learned a level 1 spell: Magic Dart
  1114 | D:1      | Found a faded altar of an unknown god.
  1574 | D:2      | Noticed Robin
  1585 | D:2      | Killed Robin
  1586 | D:2      | Reached XP level 4. HP: 5/31 MP: 0/0
  2818 | D:2      | Found a runed translucent door.
  2819 | D:2      | Noticed Crazy Yiuf
  3010 | D:3      | Reached XP level 5. HP: 32/36 MP: 0/0
  3010 | D:3      | Learned a level 2 spell: Corpse Rot
  3107 | D:3      | Reached skill level 1 in Fighting
  3107 | D:3      | Reached skill level 4 in Spellcasting
  3473 | D:3      | Reached XP level 6. HP: 37/42 MP: 0/0
  3896 | D:3      | Noticed Jessica
  3907 | D:3      | Killed Jessica
  4117 | D:3      | Found a hazy altar of Hepliaklqana.
  4117 | D:3      | Found a blossoming altar of Fedhas.
  4117 | D:3      | Found a white marble altar of Elyvilon.
  4632 | D:4      | Reached skill level 5 in Spellcasting
  4787 | D:4      | Noticed Duvessa
  4787 | D:4      | Noticed Dowan
  4791 | D:4      | Killed Dowan
  4792 | D:4      | Reached XP level 7. HP: 44/49 MP: 0/0
  4792 | D:4      | Learned a level 3 spell: Call Canine Familiar
  4798 | D:4      | Mangled by Duvessa

Illustrated notes

Levels and vault maps discovered:
D:1:      dpeg_arrival_stone_temple_mockup, layout_loops_cross,
          ebering_ecumenical_altar_abandoned
D:2:      wander_river, layout_loops_cross, uniq_crazy_yiuf_cottage, uniq_robin
D:3:      layout_basic, gammafunk_temple_overflow_claw, uniq_jessica
D:4:      layout_loops_ring, zin_angel, uniq_duvessa

Skill      XL: |  1  2  3  4  5  6 |
---------------+-------------------+-----
Spellcasting   | 3 4 5 |  5.1
Fighting       | 1 2 |  2.2
Stealth        | 2 |  2.0
Dodging        | |  2.3

Action                   |  1- 3 |  4- 6 |  7- 9 || total
-------------------------+-------+-------+-------++-------
 Cast: Foxfire           |    83 |   139 |       ||   222
       Sticky Flame      |       |     3 |       ||     3
  Use: Potion            |       |     1 |       ||     1
       Scroll            |       |       |     4 ||     4
Armor: Robe              |     3 |     6 |     1 ||    10
Dodge: Dodged            |     1 |    13 |     3 ||    17

Table legend: (Time is in decaauts)
 A = Elapsed time spent in this place.
 B = Non-inter-level travel time spent in this place.
 C = Inter-level travel time spent in this place.
 D = Time resting spent in this place.
 E = Time spent auto-exploring this place.
 F = Levels seen in this place.
 G = Mean time per level.
                   A        B        C        D        E       F      G
               +--------+--------+--------+--------+--------+-----+--------+
         Total |   4797 |   4656 |    141 |    256 |   3940 |   4 | 1199.2 |
       Dungeon |   4797 |   4656 |    141 |    256 |   3940 |   4 | 1199.2 |
               +--------+--------+--------+--------+--------+-----+--------+

Top non-repeatable levels by time:
     D:1: 1647 daAuts
     D:2: 1358 daAuts
     D:3: 1326 daAuts
     D:4: 465 daAuts
